BLB
BATAVIA MUCKDOGS @ LOS ANGELES DINOS
03/23/2060
 
TOP OF THE 1ST
Batavia Muckdogs batting - Pitching for Los Angeles Dinos : RHP Conner Flowers
Pitching: RHP Conner Flowers
Batting: RHB Tyson Velez 0-0: Ball
1-0: SINGLE (Groundball, 25, EV 70.0 MPH) (infield hit)
Batting: RHB Robbie McGath 0-0: Called Strike
Tyson Velez is caught stealing 2nd base 2-4
0-1: Called Strike
0-2: Strikes out swinging
Batting: SHB Quinton Brown 0-0: Ball
1-0: Swinging Strike
1-1: Ball
2-1: Ground out 1-3 (Groundball, 13S, EV 62.5 MPH)
Top of the 1st over - 0 runs, 1 hit, 0 errors, 0 left on base; Batavia 0 - Los Angeles 0
BOTTOM OF THE 1ST
Los Angeles Dinos batting - Pitching for Batavia Muckdogs : RHP Tim Stover
Pitching: RHP Tim Stover
Batting: RHB Efren Zamora 0-0: Called Strike
0-1: Ball
1-1: Ball
2-1: DOUBLE (Groundball, 5L, EV 106.2 MPH)
Batting: LHB Tris Chikumbu 0-0: Called Strike
0-1: Ball
1-1: Ball
2-1: Fly out, F9 (Flyball, 89M, EV 87.5 MPH)
Batting: RHB Rob Detling 0-0: Ball
1-0: Foul Ball, location: 2F
1-1: Ball
2-1: SINGLE (Line Drive, 3D, EV 100.0 MPH)
Efren Zamora to third
Runner from 3rd tries for Home, SAFE, throw by RF to home
Batting: LHB Johnathan Baird 0-0: Ball
1-0: Called Strike
1-1: Foul Ball, location: 2F
1-2: Ball
2-2: Foul Ball, location: 2F
2-2: Strikes out swinging
Batting: RHB Vince Cox 0-0: Ball
1-0: Foul Ball, location: 2F
1-1: Foul Ball, location: 2F
1-2: Fly out, F8 (Flyball, 8LS, EV 75.0 MPH)
Bottom of the 1st over - 1 run, 2 hits, 0 errors, 1 left on base; Batavia 0 - Los Angeles 1
TOP OF THE 2ND
Batavia Muckdogs batting - Pitching for Los Angeles Dinos : RHP Conner Flowers
Batting: LHB Carl Brinkley 0-0: Ground out U3 (Groundball, 23, EV 85.6 MPH)
Batting: LHB Willis Neil 0-0: Called Strike
0-1: Ball
1-1: Fly out, F8 (Line Drive, 8RM, EV 93.1 MPH)
Batting: RHB Destin Fransen 0-0: Ball
1-0: Foul Ball, location: 2F
1-1: Ball
2-1: SINGLE (Groundball, 6MD, EV 102.5 MPH)
Batting: RHB Tommy Tyrrell 0-0: Ball
1-0: Foul Ball, location: 2F
1-1: Ground out 2-3 (Groundball, 15S, EV 61.2 MPH)
Top of the 2nd over - 0 runs, 1 hit, 0 errors, 1 left on base; Batavia 0 - Los Angeles 1
BOTTOM OF THE 2ND
Los Angeles Dinos batting - Pitching for Batavia Muckdogs : RHP Tim Stover
Batting: LHB Shawn Hickey 0-0: Called Strike
0-1: Ground out 4-3 (Groundball, 4, EV 83.8 MPH)
Batting: RHB Wyatt Steinauer 0-0: Ball
1-0: Ball
2-0: SINGLE (Line Drive, 4D, EV 105.6 MPH)
Batting: RHB Jahmel Ortiz 0-0: Ball
1-0: Ball
2-0: Ball
3-0: Base on Balls
Wyatt Steinauer to second
Batting: RHB Cody Mancini 0-0: SINGLE (Groundball, 6MD, EV 96.2 MPH)
Wyatt Steinauer to third
Jahmel Ortiz to second
Runner from 3rd tries for Home, SAFE, throw by CF to home
Batting: RHB Efren Zamora 0-0: Ball
1-0: Ball
2-0: Foul Ball, location: 2F
2-1: Ball
3-1: SINGLE (Groundball, 56D, EV 103.1 MPH)
Jahmel Ortiz to third
Cody Mancini to second
Runner from 3rd tries for Home, SAFE, throw by LF to home
Batting: LHB Tris Chikumbu 0-0: Fly out, F7 (Flyball, 7, EV 92.5 MPH)
Batting: RHB Rob Detling 0-0: Swinging Strike
0-1: Ball
1-1: Swinging Strike
1-2: Strikes out looking
Bottom of the 2nd over - 2 runs, 3 hits, 0 errors, 2 left on base; Batavia 0 - Los Angeles 3
TOP OF THE 3RD
Batavia Muckdogs batting - Pitching for Los Angeles Dinos : RHP Conner Flowers
Batting: LHB Archibald Vasquez 0-0: Foul Ball, location: 2F
0-1: Foul Ball, location: 2F
0-2: Foul Ball, location: 2F
0-2: Ball
1-2: Ground out 1-3 (Groundball, 34S, EV 68.8 MPH)
Batting: RHB Julius McCurdy 0-0: Ball
1-0: Ground out 5-3 (Groundball, 56, EV 102.5 MPH)
Batting: RHB Tyson Velez 0-0: Fly out, F8 (Flyball, 8RM, EV 80.6 MPH)
Top of the 3rd over - 0 runs, 0 hits, 0 errors, 0 left on base; Batavia 0 - Los Angeles 3
BOTTOM OF THE 3RD
Los Angeles Dinos batting - Pitching for Batavia Muckdogs : RHP Tim Stover
Batting: LHB Johnathan Baird 0-0: Called Strike
0-1: Ball
1-1: Foul Ball, location: 2F
1-2: Foul Ball, location: 2F
1-2: Ball
2-2: Foul Ball, location: 2F
2-2: Ground out 4-3 (Groundball, 4, EV 88.8 MPH)
Batting: RHB Vince Cox 0-0: Called Strike
0-1: Ball
1-1: Ball
2-1: Foul Ball, location: 2F
2-2: Strikes out swinging
Batting: LHB Shawn Hickey 0-0: Ball
1-0: Ball
2-0: Called Strike
2-1: Called Strike
2-2: Ball
3-2: Fly out, F7 (Flyball, 7LS, EV 90.6 MPH)
Bottom of the 3rd over - 0 runs, 0 hits, 0 errors, 0 left on base; Batavia 0 - Los Angeles 3
TOP OF THE 4TH
Batavia Muckdogs batting - Pitching for Los Angeles Dinos : RHP Conner Flowers
Batting: RHB Robbie McGath 0-0: Ball
1-0: Ball
2-0: Foul Ball, location: 2F
2-1: Called Strike
2-2: Ground out U3 (Groundball, 34, EV 94.4 MPH)
Batting: SHB Quinton Brown 0-0: Ball
1-0: Ball
2-0: Called Strike
2-1: Called Strike
2-2: Foul Ball, location: 2F
2-2: Ground out 4-3 (Groundball, 4, EV 102.5 MPH)
Batting: LHB Carl Brinkley 0-0: Ball
1-0: Ball
2-0: Called Strike
2-1: Ball
3-1: Swinging Strike
3-2: Strikes out swinging
Top of the 4th over - 0 runs, 0 hits, 0 errors, 0 left on base; Batavia 0 - Los Angeles 3
BOTTOM OF THE 4TH
Los Angeles Dinos batting - Pitching for Batavia Muckdogs : RHP Tim Stover
Batting: RHB Wyatt Steinauer 0-0: Foul Ball, location: 2F
0-1: SINGLE (Line Drive, 8LS, EV 105.0 MPH)
Batting: RHB Jahmel Ortiz 0-0: Grounds into double play, 6-4-3 (Groundball, 6, EV 91.2 MPH)
Batting: RHB Cody Mancini 0-0: Ball
1-0: Ball
2-0: Called Strike
2-1: Foul Ball, location: 2F
2-2: Strikes out swinging
Bottom of the 4th over - 0 runs, 1 hit, 0 errors, 0 left on base; Batavia 0 - Los Angeles 3
TOP OF THE 5TH
Batavia Muckdogs batting - Pitching for Los Angeles Dinos : RHP Conner Flowers
Batting: LHB Willis Neil 0-0: Fly out, F7 (Flyball, 78M, EV 71.9 MPH)
Batting: RHB Destin Fransen 0-0: Ball
1-0: Called Strike
1-1: Ball
2-1: SINGLE (Groundball, 4MD, EV 100.0 MPH)
Batting: RHB Tommy Tyrrell 0-0: Called Strike
0-1: Grounds into double play, 6-4-3 (Groundball, 6, EV 82.5 MPH)
Top of the 5th over - 0 runs, 1 hit, 0 errors, 0 left on base; Batavia 0 - Los Angeles 3
BOTTOM OF THE 5TH
Los Angeles Dinos batting - Pitching for Batavia Muckdogs : RHP Tim Stover
Pitching: RHP Herm Cobaj
Pinch Hitting: RHB Cody Turner 0-0: Called Strike
0-1: Ball
1-1: Swinging Strike
1-2: Strikes out swinging
Batting: LHB Tris Chikumbu 0-0: Ball
1-0: Foul Ball, location: 2F
1-1: Ball
2-1: Ground out 4-3 (Groundball, 4, EV 83.1 MPH)
Batting: RHB Rob Detling 0-0: Ball
1-0: Called Strike
1-1: Ball
2-1: Swinging Strike
2-2: DOUBLE (Line Drive, 78M, EV 92.5 MPH)
Pinch Hitting: SHB Martavious Visser 0-0: Ball
1-0: Ball
2-0: Ball
3-0: Called Strike
3-1: Base on Balls
Batting: RHB Vince Cox 0-0: Ball
1-0: Ball
2-0: SINGLE (Groundball, 3S, EV 71.2 MPH) (infield hit)
Rob Detling to third
Martavious Visser to second
Batting: LHB Shawn Hickey 0-0: Called Strike
0-1: Hit by Pitch
Rob Detling scores
Martavious Visser to third
Vince Cox to second
Batting: RHB Wyatt Steinauer 0-0: Ball
1-0: GRAND SLAM HOME RUN (Flyball, 7D, EV 98.8 MPH), Distance : 389 ft
Pitching: LHP Isaac Bates
Batting: RHB Jahmel Ortiz 0-0: Ball
1-0: Called Strike
1-1: Foul Ball, location: 2F
1-2: Foul Ball, location: 2F
1-2: DOUBLE (Line Drive, 8LXD, EV 99.4 MPH)
Batting: RHB Cody Mancini 0-0: Swinging Strike
0-1: Foul Ball, location: 2F
0-2: DOUBLE (Flyball, 78D, EV 111.9 MPH)
Jahmel Ortiz scores
Batting: RHB Cody Turner 0-0: Ball
1-0: Ball
2-0: Foul Ball, location: 2F
2-1: Ground out 5-3 (Groundball, 5, EV 86.9 MPH)
Bottom of the 5th over - 6 runs, 5 hits, 0 errors, 1 left on base; Batavia 0 - Los Angeles 9
TOP OF THE 6TH
Batavia Muckdogs batting - Pitching for Los Angeles Dinos : RHP Conner Flowers
Now at 1B: Martavious Visser
Now in LF: Cody Turner
Now in RF: Tris Chikumbu
Batting: LHB Archibald Vasquez 0-0: Called Strike
0-1: Ball
1-1: Foul Ball, location: 2F
1-2: Ball
2-2: Ball
3-2: Ground out 4-3 (Groundball, 4, EV 108.8 MPH)
Batting: RHB Julius McCurdy 0-0: Called Strike
0-1: Ball
1-1: Foul Ball, location: 2F
1-2: Ball
2-2: Strikes out looking
Batting: RHB Wade Cummins 0-0: Foul Ball, location: 2F
0-1: Hit by Pitch
Pinch Hitting: LHB Donald Dworkin 0-0: Fielders Choice at 2nd, 6-4 (Groundball, 6, EV 91.9 MPH)
Top of the 6th over - 0 runs, 0 hits, 0 errors, 1 left on base; Batavia 0 - Los Angeles 9
BOTTOM OF THE 6TH
Los Angeles Dinos batting - Pitching for Batavia Muckdogs : LHP Isaac Bates
Now in LF: Donald Dworkin
Now in RF: Carl Brinkley
Batting: LHB Tris Chikumbu 0-0: Ball
1-0: Ground out 2-3 (Groundball, 15S, EV 67.5 MPH)
Batting: RHB Derick Murphy 0-0: Ball
1-0: Called Strike
1-1: Called Strike
1-2: Ball
2-2: Ground out 6-3 (Groundball, 6, EV 86.2 MPH)
Batting: SHB Martavious Visser 0-0: Reached on error, E1 (Groundball, 15S, EV 63.1 MPH)
Pinch Hitting: RHB Mason Dvorak 0-0: Ball
1-0: Ball
2-0: Called Strike
2-1: Ball
3-1: Base on Balls
Batting: LHB Shawn Hickey 0-0: Ball
1-0: Ball
2-0: Called Strike
2-1: Called Strike
2-2: Foul Ball, location: 2F
2-2: SINGLE (Line Drive, 7S, EV 89.4 MPH)
Martavious Visser to third
Mason Dvorak to second
Runner from 3rd tries for Home, SAFE, throw by LF to home
Pinch Hitting: RHB Corby Maish 0-0: Ball
1-0: Called Strike
1-1: Foul Ball, location: 2F
1-2: Ball
2-2: Ball
3-2: Strikes out looking
Bottom of the 6th over - 1 run, 1 hit, 1 error, 2 left on base; Batavia 0 - Los Angeles 10
TOP OF THE 7TH
Batavia Muckdogs batting - Pitching for Los Angeles Dinos : RHP Conner Flowers
Pitching: LHP Drake Moore
Now at 2B: Mason Dvorak
Now at 3B: Corby Maish
Batting: SHB Quinton Brown 0-0: Called Strike
0-1: Foul Ball, location: 2F
0-2: Foul Ball, location: 2F
0-2: Ball
1-2: Ball
2-2: Ball
3-2: Strikes out swinging
Pinch Hitting: RHB Colby Cooper 0-0: DOUBLE (Groundball, 5L, EV 106.9 MPH)
Batting: LHB Willis Neil 0-0: Called Strike
0-1: Ball
1-1: Ball
2-1: SINGLE (Line Drive, 6MD, EV 98.8 MPH)
Colby Cooper to third
Runner from 3rd tries for Home, SAFE, throw by CF to home
Batting: RHB Destin Fransen 0-0: Swinging Strike
0-1: Ball
1-1: Ball
2-1: Ball
3-1: Base on Balls
Willis Neil to second
Pinch Hitting: RHB Bowie Garcia 0-0: Called Strike
0-1: Foul Ball, location: 2F
0-2: Ball
1-2: Ball
2-2: Foul Ball, location: 2F
2-2: Ball
3-2: Foul Ball, location: 2F
3-2: Base on Balls
Willis Neil to third
Destin Fransen to second
Batting: LHB Archibald Vasquez 0-0: Ball
1-0: Ball
2-0: Called Strike
2-1: Called Strike
2-2: Ball
3-2: Fly out, F8 (Flyball, 8LD, EV 92.5 MPH)
Runner from 3rd tags up, SCORES, throw by CF
Destin Fransen to third
Batting: RHB Julius McCurdy 0-0: Called Strike
0-1: Called Strike
0-2: Ball
1-2: Ball
2-2: SINGLE (Groundball, 25, EV 71.2 MPH) (infield hit)
Destin Fransen scores
Bowie Garcia to second
Batting: RHB Wade Cummins 0-0: Called Strike
0-1: Ball
1-1: Foul Ball, location: 2F
1-2: Ball
2-2: Strikes out looking
Top of the 7th over - 3 runs, 3 hits, 0 errors, 2 left on base; Batavia 3 - Los Angeles 10
BOTTOM OF THE 7TH
Los Angeles Dinos batting - Pitching for Batavia Muckdogs : LHP Isaac Bates
Pitching: LHP Dalton Chadwick
Now at 2B: Colby Cooper
Now in RF: Ricky Stegall
Batting: RHB Jahmel Ortiz 0-0: Ball
1-0: Ball
2-0: Ground out 4-3 (Groundball, 34, EV 91.2 MPH)
Pinch Hitting: RHB Vance Thompson 0-0: Called Strike
0-1: Ball
1-1: Swinging Strike
1-2: Strikes out swinging
Pinch Hitting: RHB Andy Dillon 0-0: Called Strike
0-1: Called Strike
0-2: Foul Ball, location: 2F
0-2: Ball
1-2: Ball
2-2: Ball
3-2: Base on Balls
Batting: LHB Tris Chikumbu 0-0: Ball
1-0: Called Strike
1-1: Called Strike
1-2: Ground out 4-3 (Groundball, 4, EV 86.9 MPH)
Bottom of the 7th over - 0 runs, 0 hits, 0 errors, 1 left on base; Batavia 3 - Los Angeles 10
TOP OF THE 8TH
Batavia Muckdogs batting - Pitching for Los Angeles Dinos : LHP Drake Moore
Now at SS: Vance Thompson
Now in LF: Andy Dillon
Batting: LHB Donald Dworkin 0-0: Called Strike
0-1: Called Strike
0-2: Foul Ball, location: 2F
0-2: Ball
1-2: Ground out 5-3 (Groundball, 5, EV 83.8 MPH)
Batting: SHB Quinton Brown 0-0: Ball
1-0: SINGLE (Groundball, 6D, EV 105.0 MPH)
Pitching: RHP Steven Frack
Batting: RHB Colby Cooper 0-0: Swinging Strike
0-1: Foul Ball, location: 2F
0-2: Strikes out swinging
Batting: LHB Willis Neil 0-0: Ball
1-0: Swinging Strike
1-1: Ball
2-1: Foul Ball, location: 2F
2-2: Ball
3-2: Foul Ball, location: 2F
3-2: Strikes out swinging
Top of the 8th over - 0 runs, 1 hit, 0 errors, 1 left on base; Batavia 3 - Los Angeles 10
BOTTOM OF THE 8TH
Los Angeles Dinos batting - Pitching for Batavia Muckdogs : LHP Dalton Chadwick
Batting: RHB Derick Murphy 0-0: Called Strike
0-1: Swinging Strike
0-2: Strikes out looking
Batting: SHB Martavious Visser 0-0: Called Strike
0-1: Ball
1-1: Ball
2-1: Ball
3-1: Base on Balls
Pitching: LHP Keaton Bice
Batting: RHB Mason Dvorak 0-0: Foul Ball, location: 2F
0-1: Ball
1-1: Swinging Strike
1-2: Ball
2-2: Strikes out looking
Batting: LHB Shawn Hickey 0-0: Swinging Strike
0-1: Called Strike
0-2: Foul Ball, location: 2F
0-2: Strikes out swinging
Bottom of the 8th over - 0 runs, 0 hits, 0 errors, 1 left on base; Batavia 3 - Los Angeles 10
TOP OF THE 9TH
Batavia Muckdogs batting - Pitching for Los Angeles Dinos : RHP Steven Frack
Pinch Hitting: RHB Logan Gleason 0-0: Called Strike
0-1: Ball
1-1: Called Strike
1-2: Ball
2-2: Foul Ball, location: 2F
2-2: Ball
3-2: Strikes out swinging
Batting: LHB Ricky Stegall 0-0: Called Strike
0-1: Ball
1-1: Ground out 4-3 (Groundball, 4, EV 84.4 MPH)
Pinch Hitting: RHB R.J. McCarthy 0-0: Ball
1-0: Ball
2-0: Fly out, F9 (Flyball, 9D, EV 104.4 MPH)
Top of the 9th over - 0 runs, 0 hits, 0 errors, 0 left on base; Batavia 3 - Los Angeles 10
Wednesday, April 17th , 2024 - OOTP Baseball 23.10 Build 110